 Dungeon Crawl Stone Soup version 0.17.1-1-g73c8601 (webtiles) character file.

73 lucasterio the Cudgeler (level 4, -2/36 HPs)
             Began as a Demonspawn Berserker on Dec 11, 2015.
             Was a Believer of Trog.
             Slain by an orc priest
             ... wielding a +0 trident
              (3 damage)
             ... on level 3 of the Dungeon.
             The game lasted 00:03:53 (2188 turns).

lucasterio the Cudgeler (Demonspawn Berserker)      Turns: 2188, Time: 00:03:54

Health: -2/36      AC: 15    Str: 18    XL:     4   Next: 8%
Magic:  4/4        EV:  1    Int:  8    God:    Trog [**....]
Gold:   70         SH: 13    Dex: 13    Spells: 0 memorised, 3 levels left

rFire  . . .     SeeInvis .     a - +0 mace
rCold  . . .     Clarity  .     k - +0 plate armour
rNeg   . . .     SustAt   .     p - +1 large shield {AC+3}
rPois  .         Gourm    .     (no helmet)
rElec  .         Spirit   .     (no cloak)
rCorr  .         Warding  .     (no gloves)
rMut   .         Stasis   .     (no boots)
MR     .....                    (no amulet)
Stlth  ..........               (no ring)
                                (no ring)

@: lethally poisoned (-2 -> -29), exhausted, slowed, very slow, not resistant to
hostile enchantments, extremely unstealthy
A: talons 1, rugged brown scales 1, powered by pain 1
a: Berserk, Trog's Hand, Burn Spellbooks, Renounce Religion


You were on level 3 of the Dungeon.
You worshipped Trog.
Trog was pleased with you.
You were very hungry.

You visited 1 branch of the dungeon, and saw 3 of its levels.

You collected 70 gold pieces.

Inventory:

Hand Weapons
 a - a +0 mace (weapon)
Armour
 b - a +0 animal skin
 k - a +0 plate armour (worn)
 p - a +1 large shield of protection (worn)
Jewellery
 f - an uncursed amulet of warding {unknown}
 s - an uncursed ring of sustain attributes {unknown}
Scrolls
 d - a scroll of remove curse {unknown}
 i - 2 scrolls of fog {unknown}
 m - a scroll of teleportation {unknown}
 n - a scroll of noise {unknown}
 o - a scroll of identify {unknown}
 q - a scroll of blinking {unknown}
Potions
 e - a potion of brilliance {unknown}
 g - a potion of heal wounds {unknown}
 j - 2 potions of curing {unknown}
Comestibles
 c - 4 bread rations
 h - 2 meat rations
 l - 2 chunks of flesh
 r - a slice of pizza


   Skills:
 - Level 3.2 Fighting
 * Level 3.4 Maces & Flails
 * Level 2.8 Armour
 - Level 1.8 Dodging
 + Level 1.0 Shields


You had 3 spell levels left.
You didn't know any spells.

Dungeon Overview and Level Annotations

Branches:
Dungeon (3/15)

Altars:


Innate Abilities, Weirdness & Mutations

You have sharp toenails.
You are partially covered in rugged brown scales (AC +1, +3% HP).
You sometimes gain a little power by taking damage.


Message History

You block the orc's attack.
The orc priest hits you but does no damage.
You block the orc's attack.
You closely miss the orc priest.
You claw the orc priest, but do no damage.
The orc priest is moderately wounded.
* * * LOW HITPOINT WARNING * * *
You feel sick. You block the orc priest's attack.
The orc hits you but does no damage.
You are lethally poisoned!
The orc priest barely misses you. The orc hits you but does no damage.
You are more poisoned.
You hit the orc priest. Your kick misses the orc priest.
The orc priest is moderately wounded.
* * * LOW HITPOINT WARNING * * *
You feel very sick. You block the orc priest's attack.
The orc hits you but does no damage.
You are more poisoned.
The orc priest hits you with a trident.
You die...

#.......#
#...!...#
#.......#
#.......# ##
#.......+ ..
#.......#.#
#.$.....$.#
##########o...###
#........@o.....#
##.#######.....##
#.# ......# #.#
.......... #.#
....#.##### #.#
.....#.# #.#
#.....#.# #.#
#.....#.# #.# ...


You could see an orc priest and an orc.

Vanquished Creatures
  2 adders
  A worm (D:2)
  3 giant geckos
  An orc (D:3)
  3 bats (D:1)
  3 giant cockroaches
  9 hobgoblins
  2 quokkas (D:2)
  5 giant newts
  3 goblins
  2 jackals (D:2)
  6 kobolds
  5 rats
45 creatures vanquished.

Notes
Turn   | Place    | Note
--------------------------------------------------------------
     0 | D:1      | lucasterio the Demonspawn Berserker began the quest for the Orb.
     0 | D:1      | Reached XP level 1. HP: 18/18 MP: 1/1
   408 | D:1      | Gained mutation: You sometimes gain a little power by taking damage. [demonic ancestry]
   408 | D:1      | Reached XP level 2. HP: 12/24 MP: 2/2
  1164 | D:1      | Reached ** piety under Trog
  1400 | D:2      | Gained mutation: You have sharp toenails. [demonic ancestry]
  1400 | D:2      | Reached XP level 3. HP: 29/29 MP: 3/3
  2180 | D:3      | Reached skill level 1 in Shields
  2180 | D:3      | Gained mutation: You are partially covered in rugged brown scales (AC +1, +3% HP). [demonic ancestry]
  2180 | D:3      | Reached XP level 4. HP: 24/36 MP: 4/4
  2188 | D:3      | HP: 1/36 [poisoned by an orc]
  2188 | D:3      | Slain by an orc priest

Action                   |  1- 3 |  4- 6 || total
-------------------------+-------+-------++-------
Melee: Mace              |   161 |     6 ||   167
Invok: Berserk           |     1 |       ||     1
  Eat: Chunk             |     4 |       ||     4
